 Dungeon Crawl Stone Soup version 0.21.1-1-g345015f (webtiles) character file.

596 tidbits the Covert (level 7, -7/60 HPs)
             Began as a Gnoll Wanderer on June 8, 2018.
             Mangled by an orc
             ... wielding a +0 trident
              (9 damage)
             ... on level 5 of the Dungeon.
             The game lasted 00:08:43 (882 turns).

tidbits the Covert (Gnoll Wanderer)                  Turns: 882, Time: 00:08:44

Health: -7/60      AC:  5    Str: 13    XL:     7   Next: 40%
Magic:  10/10      EV: 12    Int: 15    God:
Gold:   79         SH:  0    Dex: 17    Spells: 10/10 levels left

rFire    . . .     SeeInvis .   b - +0 quarterstaff
rCold    . . .     Gourm    .   (shield currently unavailable)
rNeg     . . .     Faith    .   B - +0 ring mail
rPois    .         Spirit   .   (no helmet)
rElec    .         Reflect  .   (no cloak)
rCorr    .         Harm     .   (no gloves)
MR       .....                  (no boots)
Stlth    ++++......             (no amulet)
HPRegen  0.20/turn              (no ring)
MPRegen  0.12/turn              (no ring)

@: no status effects
A: distributed training, fangs 1, strong nose
a: no special abilities


You were on level 5 of the Dungeon.
You were not hungry.

You visited 1 branch of the dungeon, and saw 7 of its levels.

You collected 79 gold pieces.

Inventory:

Hand Weapons
 a - a +1 dagger of freezing
   (You took it off an orc wizard on level 6 of the Dungeon)
 b - a +0 quarterstaff (weapon)
 c - a +0 scythe
 k - a +2 dagger
 p - a +2 vampiric hand axe
   (You found it on level 4 of the Dungeon)
 q - a +0 rapier
Missiles
 i - 41 stones (quivered)
Armour
 e - a +0 robe
 B - a +0 ring mail (worn)
Scrolls
 h - a scroll of random uselessness {unknown}
 j - 2 scrolls of amnesia {unknown}
 m - 2 scrolls of teleportation {unknown}
 n - 4 scrolls of identify {unknown}
 r - a scroll of magic mapping {unknown}
 s - a scroll of fog {unknown}
 u - 2 scrolls of remove curse {unknown}
 v - a scroll of blinking {unknown}
Potions
 d - 2 potions of curing
 o - a potion of heal wounds {unknown}
 t - a potion of brilliance {unknown}
Comestibles
 f - 5 rations


   Skills:
 + Level 7.0 Fighting
 + Level 2.4 Short Blades
 + Level 2.4 Long Blades
 + Level 2.4 Axes
 + Level 2.4 Maces & Flails
 + Level 2.4 Polearms
 + Level 3.5 Staves
 + Level 2.4 Slings
 + Level 2.4 Bows
 + Level 2.4 Crossbows
 + Level 2.4 Throwing
 + Level 2.4 Armour
 + Level 3.5 Dodging
 + Level 9.8 Stealth
 + Level 2.4 Shields
 + Level 2.4 Unarmed Combat
 + Level 2.4 Spellcasting
 + Level 2.0 Conjurations
 + Level 2.0 Hexes
 + Level 2.0 Charms
 + Level 2.0 Summonings
 + Level 2.0 Necromancy
 + Level 2.0 Translocations
 + Level 2.0 Transmutations
 + Level 2.0 Fire Magic
 + Level 2.0 Ice Magic
 + Level 2.0 Air Magic
 + Level 2.0 Earth Magic
 + Level 2.0 Poison Magic
 + Level 2.6 Invocations
 + Level 2.4 Evocations


You had 10 spell levels left.
You didn't know any spells.

Dungeon Overview and Level Annotations

Branches:
Dungeon (7/15)
 Temple: D:4-7

Altars:


Innate Abilities, Weirdness & Mutations

Your experience applies equally to all skills.
You have very sharp teeth.
Your uncanny sense of smell can sniff out nearby items.


Message History

You thump the orc!
You kill the orc!
Things that are here:
a whip; a ring mail; an orc corpse
Things that are here:
a dagger; a robe; an orc corpse
Things that are here:
a whip; a ring mail; an orc corpse
e - a ring mail You aren't carrying or standing over any spellbooks.
Unknown command.
You don't know any spells.
Wear which item? (? for menu, Esc to quit)
You start removing your armour.
You continue taking off your +0 robe. x4
You finish taking off your +0 robe.
You start putting on your armour.
You continue putting on your ring mail. x5
You finish putting on your +0 ring mail.
Adjust (i)tems, (s)pells, or (a)bilities?
Adjust which item? (? for menu, Esc to quit)
e - a +0 ring mail (worn)
Adjust to which letter? (? for menu, Esc to quit)
B - a +0 ring mail (worn);
e - a +0 robe
Things that are here:
a dagger; a robe; an orc corpse
Found 16 stones.
You see here 16 stones.
i - 41 stones (gained 16)
You feel a little less agile now.
Found a stone staircase leading up.
There is a stone staircase leading up here.
You climb upwards.
Found 13 stones.
There is a stone staircase leading down here.
Unknown command.
An orc priest comes into view. It is wielding a falchion.
Your +1 dagger of freezing glows with a cold blue light!
a - a +1 dagger of freezing (weapon)
An orc wizard comes into view. It is wielding a dagger.
The orc wizard shouts!
Unknown command.
The orc wizard mumbles some strange words.
The orc wizard seems to speed up.
The orc priest shouts!
An orc comes into view. It is wielding a trident.
The orc shouts!
You hear a shout!
An orc comes into view. It is wielding a dagger.
The orc wizard gestures wildly while chanting.
The orc wizard blinks!
The orc moves out of view.
The orc priest hits you but does no damage.
Unknown command.
It was a potion of ambrosia.
You are confused.
You feel invigorated.
The orc priest invokes the aid of Beogh against you.
Beogh smites you!
* * * LOW HITPOINT WARNING * * *
Your +1 dagger of freezing stops glowing.
b - a +0 quarterstaff (weapon)
The orc wizard gestures at you while chanting.
You feel yourself slow down.
You bump into the rock wall.
The orc wizard hits you with a dagger.
* * * LOW HITPOINT WARNING * * *
The orc priest hits you but does no damage.
The orc wizard hits you but does no damage.
The orc priest hits you but does no damage.
You bump into the rock wall.
The orc wizard misses you. The orc wizard barely misses you.
The orc priest closely misses you.
The orc hits you from afar with a trident.
* * * LOW HITPOINT WARNING * * *
You hit the orc priest.
You bite the orc priest, but do no damage.
The orc priest is lightly wounded.
You feel less invigorated.
You feel less confused.
The orc wizard hits you but does no damage.
The orc wizard hits you with a dagger.
The orc priest hits you with a falchion.
* * * LOW HITPOINT WARNING * * *
The orc hits you but does no damage. The orc wizard barely misses you.
The orc priest calls down the wrath of Beogh upon you.
Beogh smites you!
* * * LOW HITPOINT WARNING * * *
The orc hits you but does no damage.
It was a potion of cancellation.
Your magical effects are unravelling.
You feel magically purged.
You feel yourself speed up. The orc wizard hits you with a dagger.
* * * LOW HITPOINT WARNING * * *
The orc priest closely misses you. The orc wizard barely misses you.
The orc hits you from afar with a trident.
* * * LOW HITPOINT WARNING * * *
You barely miss the orc priest.
The orc priest is lightly wounded.
The orc wizard closely misses you.
The orc priest mumbles some strange prayers to Beogh against you.
Pain shoots through your body!
* * * LOW HITPOINT WARNING * * *
The orc hits you from afar with a trident!
You die...

##### #...
#########.##########.
............o@oo.....
####...###########
######...# #........#
#........########
#..........(.....
#.........#######
....+......>..#
....#..........#


You could see an orc priest, an orc wizard and an orc.

Vanquished Creatures
  Sigmund (D:2)
  An ogre (D:7)
  A bullfrog (D:6)
  A scorpion (D:6)
  A crimson imp (D:6)
  2 jellies
  A hound (D:5)
  2 orc wizards (D:6)
  A hound skeleton (D:6)
  An adder (D:6)
  A shadow imp (D:6)
  2 dart slugs
  An orc (D:6)
  A giant cockroach (D:5)
  3 goblins (D:1)
  4 hobgoblins
  3 kobolds
  A quokka skeleton (D:5)
  A rat (D:2)
29 creatures vanquished.

Notes
Turn   | Place    | Note
-------+----------+-------------------------------------------
     0 | D:1      | Reached skill level 9 in Stealth
     0 | D:1      | tidbits the Gnoll Wanderer began the quest for the Orb.
     0 | D:1      | tidbits set off with: a +2 dagger, a potion of haste, a +0 quarterstaff, a potion of curing, a +0 robe, a ration
     0 | D:1      | Reached XP level 1. HP: 23/23 MP: 1/1
    93 | D:2      | Reached XP level 2. HP: 29/29 MP: 2/2
   105 | D:2      | Noticed Sigmund
   122 | D:2      | Killed Sigmund
   122 | D:2      | Reached skill level 1 in Short Blades
   122 | D:2      | Reached skill level 1 in Long Blades
   122 | D:2      | Reached skill level 1 in Axes
   122 | D:2      | Reached skill level 1 in Maces & Flails
   122 | D:2      | Reached skill level 1 in Polearms
   122 | D:2      | Reached skill level 3 in Staves
   122 | D:2      | Reached skill level 1 in Slings
   122 | D:2      | Reached skill level 1 in Bows
   122 | D:2      | Reached skill level 1 in Crossbows
   122 | D:2      | Reached skill level 1 in Throwing
   122 | D:2      | Reached skill level 1 in Armour
   122 | D:2      | Reached skill level 3 in Dodging
   122 | D:2      | Reached skill level 1 in Shields
   122 | D:2      | Reached skill level 1 in Unarmed Combat
   122 | D:2      | Reached skill level 1 in Spellcasting
   122 | D:2      | Reached skill level 1 in Conjurations
   122 | D:2      | Reached skill level 1 in Hexes
   122 | D:2      | Reached skill level 1 in Charms
   122 | D:2      | Reached skill level 1 in Summonings
   122 | D:2      | Reached skill level 1 in Necromancy
   122 | D:2      | Reached skill level 1 in Translocations
   122 | D:2      | Reached skill level 1 in Transmutations
   122 | D:2      | Reached skill level 1 in Fire Magic
   122 | D:2      | Reached skill level 1 in Ice Magic
   122 | D:2      | Reached skill level 1 in Air Magic
   122 | D:2      | Reached skill level 1 in Earth Magic
   122 | D:2      | Reached skill level 1 in Poison Magic
   122 | D:2      | Reached skill level 1 in Invocations
   122 | D:2      | Reached skill level 1 in Evocations
   122 | D:2      | Reached XP level 3. HP: 35/35 MP: 2/5
   122 | D:2      | Reached XP level 4. HP: 41/41 MP: 2/6
   122 | D:2      | Reached XP level 5. HP: 47/47 MP: 2/7
   366 | D:5      | Entered Level 5 of the Dungeon
   479 | D:5      | Reached skill level 2 in Invocations
   479 | D:5      | Reached XP level 6. HP: 53/53 MP: 8/8
   647 | D:6      | Reached skill level 2 in Short Blades
   647 | D:6      | Reached skill level 2 in Long Blades
   647 | D:6      | Reached skill level 2 in Axes
   647 | D:6      | Reached skill level 2 in Maces & Flails
   647 | D:6      | Reached skill level 2 in Polearms
   647 | D:6      | Reached skill level 2 in Slings
   647 | D:6      | Reached skill level 2 in Bows
   647 | D:6      | Reached skill level 2 in Crossbows
   647 | D:6      | Reached skill level 2 in Throwing
   647 | D:6      | Reached skill level 2 in Armour
   647 | D:6      | Reached skill level 2 in Shields
   647 | D:6      | Reached skill level 2 in Unarmed Combat
   647 | D:6      | Reached skill level 2 in Spellcasting
   647 | D:6      | Reached skill level 2 in Evocations
   753 | D:6      | Reached XP level 7. HP: 23/59 MP: 10/10
   801 | D:7      | Reached skill level 7 in Fighting
   814 | D:6      | Reached skill level 2 in Conjurations
   814 | D:6      | Reached skill level 2 in Hexes
   814 | D:6      | Reached skill level 2 in Charms
   814 | D:6      | Reached skill level 2 in Summonings
   814 | D:6      | Reached skill level 2 in Necromancy
   814 | D:6      | Reached skill level 2 in Translocations
   814 | D:6      | Reached skill level 2 in Transmutations
   814 | D:6      | Reached skill level 2 in Fire Magic
   814 | D:6      | Reached skill level 2 in Ice Magic
   814 | D:6      | Reached skill level 2 in Air Magic
   814 | D:6      | Reached skill level 2 in Earth Magic
   814 | D:6      | Reached skill level 2 in Poison Magic
   882 | D:5      | HP: 2/60 [orc priest/nerve-wracking pain (10)]
   882 | D:5      | Mangled by an orc

Skill      XL: |  1  2  3  4  5  6  7 |
---------------+----------------------+-----
Stealth        | |  9.8
Short Blades   | 1 2 |  2.4
Long Blades    | 1 2 |  2.4
Axes           | 1 2 |  2.4
Maces & Flails | 1 2 |  2.4
Polearms       | 1 2 |  2.4
Staves         | 3 |  3.5
Slings         | 1 2 |  2.4
Bows           | 1 2 |  2.4
Crossbows      | 1 2 |  2.4
Throwing       | 1 2 |  2.4
Armour         | 1 2 |  2.4
Dodging        | 3 |  3.5
Shields        | 1 2 |  2.4
Unarmed Combat | 1 2 |  2.4
Spellcasting   | 1 2 |  2.4
Conjurations   | 1 2 |  2.0
Hexes          | 1 2 |  2.0
Charms         | 1 2 |  2.0
Summonings     | 1 2 |  2.0
Necromancy     | 1 2 |  2.0
Translocations | 1 2 |  2.0
Transmutations | 1 2 |  2.0
Fire Magic     | 1 2 |  2.0
Ice Magic      | 1 2 |  2.0
Air Magic      | 1 2 |  2.0
Earth Magic    | 1 2 |  2.0
Poison Magic   | 1 2 |  2.0
Invocations    | 1 2 |  2.6
Evocations     | 1 2 |  2.4
Fighting       | 7 |  7.0

Action                   |  1- 3 |  4- 6 |  7- 9 || total
-------------------------+-------+-------+-------++-------
Melee: Dagger            |    12 |    33 |     6 ||    51
       Bite              |     2 |     7 |     4 ||    13
       Quarterstaff      |       |    48 |    13 ||    61
       Punch             |       |     1 |       ||     1
  Use: Potion            |       |     2 |     3 ||     5
 Stab: Sleeping          |     5 |     4 |     2 ||    11
Armor: Robe              |     1 |     7 |       ||     8
       Ring mail         |       |       |     5 ||     5
Dodge: Dodged            |     3 |    51 |    21 ||    75

Table legend:
 A = Turns spent in this place as a percentage of turns spent in the entire game.
 B = Non-inter-level travel turns spent in this place as a percentage of non-inter-level travel turns spent in the entire game.
 C = Inter-level travel turns spent in this place as a percentage of turns spent in this place.
 D = Turns resting spent in this place as a percentage of non-inter-level travel turns spent in this place.
 E = Turns spent auto-exploring this place as a percentage of non-inter-level travel turns spent in this place.
 F = Non-inter-level travel turns spent in this place divided by the number of levels of this place that you've seen.
                   A       B       C       D       E      F
               +-------+-------+-------+-------+-------+----------------------
         Total | 100.0 | 100.0 |   0.0 |   0.0 |   0.0 | 126.0
       Dungeon | 100.0 | 100.0 |   0.0 |   0.0 |   0.0 | 126.0
               +-------+-------+-------+-------+-------+----------------------

Table legend:
 A = Kills in this place as a percentage of kills in entire the game.
 B = Kills by you in this place as a percentage of kills by you in the entire game.
 C = Kills by friends in this place as a percentage of kills by friends in the entire game.
 D = Other kills in this place as a percentage of other kills in the entire game.
 E = Experience gained in this place as a percentage of experience gained in the entire game.
 F = Experience gained in this place divided by the number of levels of this place that you have seen.
                   A       B       C       D       E      F
               +-------+-------+-------+-------+-------+----------------------
         Total | 100.0 | 100.0 |   N/A |   N/A | 100.0 | 121.7
       Dungeon | 100.0 | 100.0 |   N/A |   N/A | 100.0 | 121.7
               +-------+-------+-------+-------+-------+----------------------

Vault maps used:
D:1:      lightli_arrival_quake
D:2:      lemuel_upstairs_altar, uniq_sigmund
D:3:      nemelex_xobeh_ov_fountains_minmay, first_ration
D:4:      marbit_many_paths, feat_on_display, uniq_grinder
D:5:      minmay_strange_pillars
D:7:      minmay_temple_entry_junction, dk_rats_in_the_wall, uniq_menkaure,
          uniq_crazy_yiuf_cottage
